 Dungeon Crawl Stone Soup version 0.29.0-4-gdea44cf6ec (webtiles) character file.

Game seed: 17946716079971645800

100 qw the Chopper (level 4, 0/28 HPs)
             Began as a Gargoyle Fighter on Sept 6, 2022.
             Slain by a gnoll
             ... wielding a +0 whip
              (6 damage)
             ... on level 2 of the Dungeon.
             The game lasted 00:00:50 (1760 turns).

qw the Chopper (Gargoyle Fighter)                   Turns: 1760, Time: 00:00:50

Health: 0/28       AC: 12    Str: 22    XL:     4   Next: 73%
Magic:  4/4        EV:  7    Int:  8    God:
Gold:   113        SH:  4    Dex:  9    Spells: 3/3 levels left

rFire   . . .      SeeInvis .   Y - +0 war axe
rCold   . . .      Faith    .   c - +0 buckler
rNeg    + . .      Spirit   .   m - +0 chain mail
rPois   inf        Reflect  .   (no helmet)
rElec   +          Harm     .   (no cloak)
rCorr   .          Rampage  .   (no gloves)
Will    .....                   (no boots)
Stlth   ..........              (no amulet)
HPRegen 0.09/turn               (no ring)
MPRegen 0.09/turn               (no ring)

@: no status effects
A: sickness immunity, AC +3, negative energy resistance 1, electricity
resistance, torment resistance 1, petrification resistance
a: no special abilities


You were on level 2 of the Dungeon.
You visited 1 branch of the dungeon, and saw 2 of its levels.

You collected 113 gold pieces.


Innate Abilities, Weirdness & Mutations

You are immune to sickness and miasma.
Your stone body is resilient. (AC +3)
You are immune to poison.
You resist negative energy. (rN+)
You are resistant to electric shocks. (rElec)
You are resistant to unholy torment.
You are immune to petrification.


   Skills:
 - Level 3.2 Fighting
 + Level 4.3 Axes
 - Level 3.2 Armour
 - Level 3.2 Shields


You had 3 spell levels left.
You didn't know any spells.
Your spell library was empty.

Inventory:

Hand Weapons
 h - a +0 whip
 Y - a +0 war axe (weapon)
Missiles
 k - 6 boomerangs (quivered)
Armour
 c - a +0 buckler (worn)
 m - a +0 chain mail (worn)
Scrolls
 f - a scroll of teleportation {unknown}
 g - a scroll of blinking {unknown}
 n - a scroll of noise {unknown}
 o - a scroll of fear {unknown}
Potions
 a - a potion of heal wounds {unknown}
 b - a potion of resistance {unknown}
 d - 3 potions of might
 e - a potion of curing {unknown}
 i - 2 potions of attraction {unknown}
 j - a potion of cancellation {unknown}
 l - a potion of haste {unknown}

Dungeon Overview and Level Annotations

Branches:
Dungeon (2/15)

Altars:


Message History

The gnoll barely misses you.
You barely miss the gnoll.
The gnoll is almost dead.
You block the gnoll's attack. The gnoll hits you but does no damage.
You barely miss the gnoll.
The gnoll is almost dead.
The gnoll closely misses you.
You hit the gnoll but do no damage.
The gnoll is almost dead.
The gnoll hits you with a +0 spear.
You hit the gnoll.
You kill the gnoll!
The kobold throws a stone.
The stone hits you.
You closely miss the kobold. The kobold hits you but does no damage.
You closely miss the kobold. The kobold barely misses you.
You slash the kobold!
You kill the kobold!
The gnoll hits you with a +0 whip.
You hit the gnoll.
The gnoll is lightly wounded.
The gnoll hits you with a +0 whip.
You barely miss the gnoll.
The gnoll is lightly wounded.
The gnoll barely misses you. x2
You closely miss the gnoll.
The gnoll is lightly wounded.
The gnoll hits you but does no damage. x2; The gnoll closely misses you.
The gnoll barely misses you.
You barely miss the gnoll.
The gnoll is lightly wounded.
The gnoll hits you with a +0 whip. The gnoll hits you but does no damage.
You barely miss the gnoll.
The gnoll is lightly wounded.
The gnoll hits you but does no damage. The gnoll closely misses you. x2
The gnoll hits you from afar with a +0 spear.
You hit the gnoll but do no damage. The gnoll hits you with a +0 whip.
You die...

.# #.# #.# #.## .<. ... #g# ...
####g# ..# ###..@.## #########
..# #######.......###.......####
..# #...........#.##......).....
..####.#####.#..#...#.....[..####
.............#....#..........#
#.####.#######..#...##.......#
....).#..............#.......#
#.####.#...###..##.#.#.......#
#.......[...##..##.#.####.####


You could see 2 gnolls.

Vanquished Creatures
  Jessica (D:2)
  2 gnolls
  2 adders (D:2)
  A dart slug (D:1)
  3 ball pythons
  2 endoplasms (D:1)
  2 giant cockroaches
  3 goblins
  2 hobgoblins (D:1)
  5 kobolds
  2 quokkas
  5 bats
  2 frilled lizards
  4 rats
36 creatures vanquished.

Vanquished Creatures (others)
  2 plants (D:1)
2 creatures vanquished.

Grand Total: 38 creatures vanquished

Notes
Turn   | Place    | Note
-------+----------+-------------------------------------------
     0 | D:1      | qw the Gargoyle Fighter began the quest for the Orb.
     0 | D:1      | Reached XP level 1. HP: 14/14 MP: 1/1
     0 | D:1      | 0 ||| qw: Version: 0.1-a-108-g9e35731
     0 | D:1      | 0 ||| qw: Game counter: 6270
     0 | D:1      | 0 ||| qw: Always use a shield: true
     0 | D:1      | 0 ||| qw: God list: Okawaru
     0 | D:1      | 0 ||| qw: Allow faded altars: false
     0 | D:1      | 0 ||| qw: Do Orc after D:15 true
     0 | D:1      | 0 ||| qw: Do second Lair branch before Depths: true
     0 | D:1      | 0 ||| qw: Lair rune preference: random
     0 | D:1      | 0 ||| qw: Plans: Normal, Zot, God:TSO, Crypt, Tomb, Zig,
                  | Orb
     0 | D:1      | 0 ||| PLANNING D:1-11
    26 | D:1      | Reached skill level 2 in Axes
   178 | D:1      | HP: 2/14 [gnoll/+0 whip (6)]
   180 | D:1      | Reached XP level 2. HP: 3/19 MP: 2/2
   444 | D:1      | 444 ||| DROPPING +0 club.
   474 | D:1      | 474 ||| Stepping ~*~*~tactically~*~*~ (hiding).
   482 | D:1      | Reached skill level 3 in Axes
   674 | D:1      | Reached XP level 3. HP: 17/23 MP: 3/3
  1064 | D:1      | 1064 ||| UPGRADING to +0 chain mail.
  1074 | D:1      | 1074 ||| DROPPING +0 scale mail.
  1075 | D:1      | 1075 ||| READING scroll labelled FAKLEX JIUFEU.
  1076 | D:1      | 1076 ||| READING scroll labelled JAOFAIM OGREEFF.
  1077 | D:1      | 1077 ||| READING scroll labelled NIRUUK YPHI.
  1078 | D:1      | 1078 ||| READING scroll labelled YWETUW LOUCSA.
  1079 | D:1      | 1079 ||| READING scroll labelled ODUQOBYINT.
  1095 | D:2      | 1095 ||| STAIRDANCE
  1098 | D:2      | Noticed Jessica
  1101 | D:2      | 1101 ||| STAIRDANCE
  1133 | D:2      | 1133 ||| STAIRDANCE
  1218 | D:2      | Killed Jessica
  1219 | D:2      | Reached XP level 4. HP: 27/28 MP: 4/4
  1471 | D:2      | 1471 ||| Stepping ~*~*~tactically~*~*~ (stealth).
  1545 | D:2      | 1545 ||| Stepping ~*~*~tactically~*~*~ (stealth).
  1558 | D:2      | Reached skill level 4 in Axes
  1566 | D:2      | 1566 ||| Stepping ~*~*~tactically~*~*~ (stealth).
  1567 | D:2      | 1567 ||| Stepping ~*~*~tactically~*~*~ (stealth).
  1610 | D:2      | 1610 ||| Stepping ~*~*~tactically~*~*~ (stealth).
  1740 | D:2      | 1740 ||| Stepping ~*~*~tactically~*~*~ (stealth).
  1741 | D:2      | 1741 ||| Stepping ~*~*~tactically~*~*~ (stealth).
  1759 | D:2      | HP: 6/28 [gnoll/+0 spear (4)]
  1760 | D:2      | Slain by a gnoll

Levels and vault maps discovered:
D:1:      dpeg_arrival_arbitrary_b, layout_rooms, serial_bayou_pond_d,
          hangedman_decor_growths
D:2:      layout_loops_ring, ebering_ecumenical_altar_mist, uniq_jessica

Skill      XL: |  1  2  3  4 |
---------------+-------------+-----
Axes           | 2 3 4 |  4.3
Fighting       | |  3.2
Armour         | |  3.2
Shields        | |  3.2

Action                   |  1- 3 |  4- 6 || total
-------------------------+-------+-------++-------
Melee: War axe           |    67 |    72 ||   139
Throw: Boomerang         |       |    10 ||    10
  Use: Scroll            |     5 |       ||     5
Armor: Scale mail        |    34 |       ||    34
       Chain mail        |     8 |    50 ||    58
Dodge: Dodged            |    34 |    28 ||    62
Block: Buckler           |     8 |    21 ||    29

Table legend:
 A = Non-vault XP
 B = Vault XP
 C = Vault XP percentage of total XP
 D = Non-vault monster count
 E = Vault monster count
 F = Vault count percentage of total count
                 A         B        C        D         E       F
            +---------+---------+-------+---------+---------+-------
      Total |     106 |      37 |  25.9 |      35 |       1 |   2.8
            +---------+---------+-------+---------+---------+-------
        D:1 |      44 |       0 |   0.0 |      18 |       0 |   0.0
        D:2 |      62 |      37 |  37.4 |      17 |       1 |   5.6
            +---------+---------+-------+---------+---------+-------
